 Dungeon Crawl Stone Soup version 0.28.0-1-gb440e238dd (webtiles) character file.

Game seed: 9760403020058975401

4384 fknight the Fighter (level 10, -4/99 HPs)
             Began as a Hill Orc Monk on Feb 27, 2022.
             Was a Priest of Beogh.
             Slain by a death yak (9 damage)
             ... on level 8 of the Dungeon.
             The game lasted 00:44:13 (10122 turns).

fknight the Fighter (Hill Orc Monk)                Turns: 10122, Time: 00:44:13

Health: -4/99      AC: 29    Str: 21    XL:     10   Next: 35%
Magic:  10/10      EV: 12    Int: 10    God:    Beogh [***...]
Gold:   310        SH:  0    Dex: 15    Spells: 9/9 levels left

rFire   . . .      SeeInvis .   M - +7 flail of Evisceration {protect, rCorr Str+4}
rCold   . . .      Faith    .   (no shield)
rNeg    . . .      Spirit   .   H - +0 plate armour
rPois   .          Reflect  .   A - +2 helmet
rElec   .          Harm     .   n - +0 cloak
rCorr   +          Rampage  .   o - +2 pair of gloves
Will    .....                   s - +0 pair of boots
Stlth   ..........              (no amulet)
HPRegen 0.26/turn               P - +4 ring of protection
MPRegen 0.12/turn               y - +4 ring of evasion

@: under a protective aura, studying Fighting
A: no striking features
a: Renounce Religion, Smiting


You were on level 8 of the Dungeon.
You worshipped Beogh.
Beogh was most pleased with you.
You visited 2 branches of the dungeon, and saw 9 of its levels.

You collected 310 gold pieces.

Inventory:

Hand Weapons
 b - a +0 halberd
 g - a +3 vorpal flail
 k - a +0 antimagic scythe
 l - a +0 hunting sling of freezing
 q - a +2 hand axe of flaming
 r - a +0 spear
 t - a +0 trident
 C - a +1 flail of protection
 J - a +1 war axe of flaming
 M - the +7 flail of Evisceration (weapon) {protect, rCorr Str+4}
   (You found it on level 7 of the Dungeon)

   It grants its wielder temporary protection when it strikes (+7 to AC).
   Str:       It affects your strength (+4).
   rCorr:     It protects you from acid and corrosion.
 N - a +0 battleaxe
 Q - a +0 trident
 Z - a +4 quarterstaff of chaos
Missiles
 i - 255 stones (quivered)
 m - 16 poisoned darts
 F - 2 boomerangs of dispersal
 T - a curare-tipped dart
Armour
 a - +0 steam dragon scales
 d - +0 fire dragon scales
 n - a +0 cloak (worn)
 o - a +2 pair of gloves (worn)
 p - a +2 robe of cold resistance
 s - a +0 pair of boots (worn)
 A - a +2 helmet (worn)
 D - the +1 robe of Failure {Harm MP+9 Stlth+}
   (You found it on level 6 of the Dungeon)

   MP:        It affects your magic capacity (+9).
   Harm:      It increases damage dealt and taken.
   Stlth:     It makes you more stealthy.
 H - a +0 plate armour (worn)
 I - +0 swamp dragon scales
Jewellery
 h - a ring of see invisible
 y - a +4 ring of evasion (right hand)
 K - a ring of poison resistance
 P - a +4 ring of protection (left hand)
Wands
 j - a wand of iceblast (19)
 R - a wand of mindburst (14)
 X - a wand of digging (6)
Scrolls
 f - a scroll of magic mapping
 x - a scroll of teleportation
 B - a scroll of blinking
 O - a scroll of vulnerability {unknown}
 U - a scroll of noise {unknown}
Potions
 c - 3 potions of brilliance
 e - 2 potions of flight
 u - a potion of might {unknown}
 w - 2 potions of lignification {unknown}
 L - 2 potions of degeneration {unknown}
Miscellaneous
 Y - a tin of tremorstones (2/2)


   Skills:
 + Level 12.3 Fighting
 + Level 10.5 Axes
 + Level 6.7 Dodging
 + Level 6.9 Stealth


You had 9 spell levels left.
You didn't know any spells.
Your spell library contained the following spells:

 Spells                   Type           Power      Damage    Failure   Level
 Freeze                   Ice            0%         1d3       100%        1
 Magic Dart               Conj           0%         1d3       100%        1
 Corpse Rot               Necr/Air       0%         N/A       100%        2
 Ensorcelled Hibernation  Hex/Ice        0%         N/A       100%        2
 Passwall                 Tmut/Erth      0%         N/A       100%        2
 Poisonous Vapours        Pois/Air       0%         N/A       100%        2
 Searing Ray              Conj           0%         2d4       100%        2
 Frozen Ramparts          Ice            0%         1d2       100%        3
 Gell's Gravitas          Tloc           0%         N/A       100%        3
 Swiftness                Air            0%         N/A       100%        3
 Teleport Other           Tloc           0%         N/A       100%        3
 Fulminant Prism          Conj/Hex       0%         3d6       100%        4
 Hailstorm                Conj/Ice       0%         3d3       100%        4
 Dispersal                Tloc           0%         N/A       100%        6


Dungeon Overview and Level Annotations

Branches:
Dungeon (8/15)             Temple (1/1) D:5
   Lair: D:8-11

Altars:
Ashenzari
Cheibriados
Dithmenos
Gozag
Hepliaklqana
Kikubaaqudgha
Makhleb
Nemelex Xobeh
Okawaru
Qazlal
Ru
Sif Muna
Trog
Uskayaw
Vehumet
Wu Jian
Xom
Yredelemnul
Zin
The Shining One

Shops:
D:7 **


Message History

You hit the death yak but do no damage.
The death yak is severely wounded.
The death yak gores you but does no damage.
You barely miss the death yak.
The death yak is severely wounded.
The death yak gores you.
* * * LOW HITPOINT WARNING * * *
The quokka twitches its whiskers.
You sock the death yak!
The death yak is severely wounded.
The death yak barely misses you. The death yak gores you.
* * * LOW HITPOINT WARNING * * *
You hit the death yak.
The death yak is severely wounded.
The death yak gores you!
* * * LOW HITPOINT WARNING * * *
You hit the death yak.
The death yak is almost dead.
The death yak barely misses you.
You hit the death yak.
The death yak is almost dead.
The death yak gores you but does no damage.
You completely miss the death yak.
The death yak is almost dead.
The death yak barely misses you.
You hit the death yak.
The death yak is almost dead.
The death yak gores you!
* * * LOW HITPOINT WARNING * * *
You hit the death yak.
The death yak is almost dead.
The death yak gores you but does no damage.
You hit the death yak.
The death yak is almost dead.
The death yak completely misses you.
You hit the death yak but do no damage.
The death yak is almost dead.
The death yak gores you but does no damage.
The death yak gores you!
You die...

# ...#. #.# .#...... #.#
....... #.# #......
##'## #....#.##...## .
##......#.....## ...
##.##.###.......#
#.((r###o..#.##.........
....rYY@oo....'.........
....####o..#.##.........
. ##.##.###.......#
####o# ##.....## #)#
##...## #o# ##+##
#######o## #.# #
#........#####.####
#.#####....oo......


You could see 2 death yaks, a quokka, a rat, a friendly orc wizard and 3
friendly orcs.

Vanquished Creatures
  A death yak (D:8)
  Pikel (D:6)
  Maggie (D:6)
  Sigmund (D:6)
  A wyvern (D:8)
  6 yaks (D:8)
  A steam dragon (D:8)
  Edmund (D:5)
  An ice beast (D:7)
  2 orc warriors (D:7)
  3 sky beasts (D:6)
  A hornet zombie (D:7)
  3 lemures (D:6)
  Blork the orc (D:5)
  2 kobold brigands
  A bullfrog (D:7)
  A scorpion (D:6)
  A water moccasin skeleton (D:4)
  A howler monkey (D:4)
  A bullfrog zombie (D:7)
  2 hounds
  Crazy Yiuf (D:7)
  An orc priest (D:7)
  A centaur skeleton (D:6)
  5 jellies
  2 iguanas
  Robin (D:3)
  A gnoll (D:4)
  2 howler monkey skeletons
  3 adders
  2 ufetubi (D:5)
  2 worms
  3 dart slugs
  21 orcs
  4 ball pythons
  7 bats
  9 endoplasms
  A giant cockroach (D:4)
  10 goblins
  8 hobgoblins
  8 jackals
  2 quokkas (D:2)
  3 frilled lizards
  16 kobolds
  2 rats
148 creatures vanquished.

Vanquished Creatures (collateral kills)
  An ogre (D:5)
  A hound skeleton (D:5)
2 creatures vanquished.

Vanquished Creatures (others)
  An orc priest (D:6)
  2 orc wizards
  4 orcs
  A goblin (D:3)
  7 fungi (D:2)
  3 plants (D:2)
18 creatures vanquished.

Grand Total: 168 creatures vanquished

Notes
Turn   | Place    | Note
-------+----------+-------------------------------------------
     0 | D:1      | fknight the Hill Orc Monk began the quest for the Orb.
     0 | D:1      | Reached XP level 1. HP: 19/19 MP: 1/1
   224 | D:1      | Reached XP level 2. HP: 15/27 MP: 2/2
   821 | D:1      | Reached skill level 4 in Fighting
   862 | D:1      | Reached XP level 3. HP: 32/33 MP: 3/3
  2183 | D:2      | Found a faded altar of an unknown god.
  2507 | D:3      | Reached XP level 4. HP: 39/40 MP: 4/4
  2722 | D:3      | Found a hide-covered altar of Uskayaw.
  2722 | D:3      | Found an opulent altar of Gozag.
  3381 | D:3      | Noticed Robin
  3489 | D:3      | Reached skill level 5 in Axes
  3502 | D:3      | Killed Robin
  3890 | D:4      | Reached XP level 5. HP: 45/47 MP: 5/5
  4164 | D:4      | Found a sacrificial altar of Ru.
  4439 | D:4      | Reached XP level 6. HP: 55/55 MP: 6/6
  4449 | D:4      | Reached skill level 5 in Fighting
  4547 | D:4      | Found a sparkling altar of Nemelex Xobeh.
  4593 | D:4      | Noticed a wyvern
  4759 | D:4      | Found a shimmering blue altar of Sif Muna.
  4839 | D:5      | Entered Level 5 of the Dungeon
  4865 | D:5      | Found a broken altar of Ashenzari.
  5025 | D:5      | Identified a scroll of acquirement
  5025 | D:5      | Acquired a manual of Fighting
  5210 | D:5      | Reached XP level 7. HP: 52/62 MP: 7/7
  5340 | D:5      | Found a staircase to the Ecumenical Temple.
  5352 | D:5      | Noticed Blork the orc
  5372 | D:5      | Killed Blork the orc
  5373 | D:5      | Reached skill level 6 in Fighting
  5456 | D:5      | Found a basalt altar of Yredelemnul.
  5521 | D:5      | Found a stormy altar of Qazlal.
  5521 | D:5      | Found an iron altar of Okawaru.
  5768 | Temple   | Entered the Ecumenical Temple
  6021 | D:6      | Noticed Pikel
  6043 | D:6      | Noticed Edmund
  6052 | D:6      | Became a worshipper of Beogh the Brigand
  6052 | D:6      | Reached * piety under Beogh
  6052 | D:6      | Reached ** piety under Beogh
  6435 | D:5      | Killed Edmund
  6436 | D:5      | Reached skill level 7 in Fighting
  6700 | D:6      | Noticed Sigmund
  6715 | D:6      | Killed Sigmund
  6716 | D:6      | Reached XP level 8. HP: 34/74 MP: 2/8
  6729 | D:6      | Reached skill level 8 in Fighting
  7134 | D:6      | Identified the +1 robe of Failure {Harm MP+9 Stlth+}
  7194 | D:6      | HP: 2/74 [Pikel (14)]
  7195 | D:6      | Killed Pikel
  7196 | D:6      | Reached skill level 9 in Fighting
  7196 | D:6      | Reached skill level 5 in Dodging
  7196 | D:6      | Reached skill level 5 in Stealth
  7467 | D:6      | Reached XP level 9. HP: 63/84 MP: 9/9
  7702 | D:6      | Noticed Maggie
  7722 | D:6      | Killed Maggie
  8173 | D:7      | Identified the +7 flail of Evisceration {protect, rCorr
                  | Str+4}
  8181 | D:7      | Reached skill level 10 in Fighting
  9106 | D:7      | Found Ekeibey's Specific Store.
  9111 | D:7      | Found Kuorotel's General Store.
  9249 | D:7      | Found a runed translucent door.
  9250 | D:7      | Noticed Crazy Yiuf
  9256 | D:7      | Killed Crazy Yiuf
  9535 | D:8      | Reached skill level 11 in Fighting
  9651 | D:8      | Reached XP level 10. HP: 70/96 MP: 10/10
  9657 | D:8      | Reached skill level 10 in Axes
  9662 | D:8      | Reached *** piety under Beogh
  9917 | D:8      | Reached skill level 12 in Fighting
 10073 | D:8      | Noticed a death yak
 10078 | D:8      | Noticed a death yak
 10079 | D:8      | Noticed a death yak
 10093 | D:8      | Killed a death yak
 10119 | D:8      | HP: 4/99 [death yak (9)]
 10122 | D:8      | Slain by a death yak

Illustrated notes

Levels and vault maps discovered:
D:1:      minmay_arrival_stone_box, layout_basic
D:2:      layout_basic, dreamdust_ecumenical_altar_hidden_monk_grotto,
          minmay_hedge_maze, st_stairs_14
D:3:      layout_loops_ring, mainiacjoe_overflow_divided_tiny,
          ebering_dispersal_statue_hall, uniq_robin
D:4:      layout_cave_pools, lemuel_round_altar, nemelex_dance_club_becter,
          nicolae_ru_sacrificial_ziggurat, st_stairs_10, lightli_corner_chamber
D:5:      layout_rooms, ashenzari_conservatory_becter,
          grunt_temple_overflow_open, minmay_temple_entry_drinking_statues,
          uniq_blork_the_orc
D:6:      layout_cave_pools, nicolae_ossuary_entry_false_entrances,
          minmay_misc_feat_more_columns, uniq_sigmund, uniq_pikel, uniq_maggie,
          uniq_edmund
D:7:      layout_loops_cross, nicolae_specific_store, minmay_checkerbox,
          uniq_crazy_yiuf_cottage
D:8:      layout_loops_corners, dpeg_lair_monsters
Temple:   minmay_temple_curvy_loop

Skill      XL: |  1  2  3  4  5  6  7  8  9 10 |
---------------+-------------------------------+-----
Fighting       | 4 5 7 9 11 12 | 12.3
Stealth        | 2 3 4 5 6 |  6.9
Dodging        | 3 4 5 6 |  6.7
Axes           | 5 6 7 8 9 10 | 10.5

Action                   |  1- 3 |  4- 6 |  7- 9 | 10-12 || total
-------------------------+-------+-------+-------+-------++-------
Melee: Hand axe          |   115 |   179 |   132 |       ||   426
       Punch             |     3 |     4 |     7 |     1 ||    15
       Flail             |       |     5 |   145 |    61 ||   211
 Fire: Hunting sling     |    12 |    33 |    16 |     2 ||    63
Throw: Stone             |    15 |    17 |     3 |       ||    35
Invok: Convert to Beogh  |       |       |     1 |       ||     1
Evoke: Wand              |       |       |     1 |       ||     1
  Use: Scroll            |       |     8 |     8 |       ||    16
       Potion            |       |       |     2 |     2 ||     4
Armor: Fire dragon scale |    81 |   104 |   108 |       ||   293
       Robe              |       |     6 |       |       ||     6
       Plate armour      |       |       |    44 |    31 ||    75
Dodge: Dodged            |    63 |   123 |   181 |    17 ||   384
